AoeStats
← OldStyle

Arabia

509737520Analyzed
1v1 RM · 3d ago on Sep 27, 2026· 30m 5s· 2 players
Game mode
Random Map
Map size
Tiny (2 player)
Population
200
Speed
Normal
Resources
Standard
Victory
Conquest
Starting age
Dark Age
Ending age
Imperial Age
RankedLock teamsTeams togetherTeam positionsShared explorationLock speedFull tech treeHidden civsTurbo modeCheats
Victory
Defeat
🇧🇷 Mongols · Brazil
1322
+18
🇪🇸 Japanese · Spain
1366
-18
Fugideros
6:35 Loom
8:45 Feudal Age
9:01 Man-at-Arms
10:19 Double-Bit Axe
24:26 Castle Age
22:37 Horse Collar
26:56 Fletching
26:41 Light Cavalry
OldStyle
3:01 Loom
10:00 Feudal Age
12:29 Man-at-Arms
17:13 Fletching
21:11 Wheelbarrow
21:34 Padded Archer Armor
26:35 Castle Age
26:57 Crossbowman
27:35 Bodkin Arrow
Connection lost

Rejoining the realm…

Still unreachable

The connection could not be restored.

Session expired

The server has moved on; the page needs a fresh start.